Cogmind - Beta 9.3 *** ADVENTURER MODE // 2019.12.24 @ 21:44:50 Player: lcbb_tuk Result: Destroyed by G-47 Trooper with Particle Gun Performance ------------- Evolutions (1) 500 Regions Visited (2) 400 Robots Destroyed (42) 210 Value Destroyed (1415) 1415 Prototype IDs (1) 20 Alien Tech Used (0) 0 Bonus (0) 0 TOTAL SCORE: 2545 Bonus ------- None Cogmind --------- Core Integrity 0/400 Matter 300/300 Energy 100/100 System Corruption 0% Temperature Cool (21) Movement Core (300) Ox5 Location -9/Materials Parts ------- > --- POWER (2) -------- (None) > --- PROPULSION (2) --- (None) > --- UTILITY (3) ------ Large Storage Unit Hacking Suite > --- WEAPON (2) ------- (None) > --- INVENTORY (10) --- Hacking Suite Peak State ------------ > --- POWER ------------ Reinforced Ion Engine Cooled Ion Engine > --- PROPULSION ------- Light Treads Light Treads > --- UTILITY ---------- Large Storage Unit Hacking Suite Integration Mediator > --- WEAPON ----------- Beam Rifle Beam Rifle > --- INVENTORY -------- Ion Engine Hacking Suite Hacking Suite Light Assault Rifle Plasma Cutter [Rating: 18] Favorites ----------- Power Ion Engine Engine Ion Engine Propulsion Light Treads Treads Light Treads Wheel Wheel Hover Unit Improved Hover Unit Utility Large Storage Unit Device Field Recycling Unit Storage Large Storage Unit Processor Seismic Analyzer Hackware Hacking Suite Weapon EM Pulse Gun Energy Gun EM Pulse Gun Ballistic Gun Light Assault Rifle Special Weapon Plasma Cutter Build | -11 -10 -9 ------- Run | Scr Mat Mat Slots Evolved 2 | . . 2 Power 1 | . . 1 Propulsion . | . . . Utility 1 | . . 1 Weapon . | . . . Parts Attached 46 | 7 6 33 Power 8 | 1 1 6 Engine 8 | 1 1 6 Core . | . . . Reactor . | . . . Propulsion 11 | 3 1 7 Treads 4 | . . 4 Leg . | . . . Wheel 4 | 3 1 . Hover 3 | . . 3 Flight . | . . . Utility 6 | 1 2 3 Device 2 | . . 2 Storage 2 | 1 1 . Processor 1 | . 1 . Hackware 1 | . . 1 Protection . | . . . Artifact . | . . . Weapon 21 | 2 2 17 Energy Gun 13 | . 2 11 Energy Cannon . | . . . Ballistic Gun 5 | 2 . 3 Ballistic Cannon . | . . . Launcher . | . . . Special Weapon 3 | . . 3 Impact Weapon . | . . . Slashing Weapon . | . . . Piercing Weapon . | . . . Special Melee Weapon . | . . . Unidentified Prototypes 1 | . . 1 Parts Lost 15 | . . 15 Power 3 | . . 3 Propulsion 7 | . . 7 Utility 1 | . . 1 Weapon 4 | . . 4 Highest Loss Streak 6 | . . 6 Average Slot Usage (%) 88 | . 76 90 Engine 19 | . 9 21 Treads 5 | . . 6 Wheel 3 | . 17 1 Hover 6 | . . 7 Device 8 | . . 9 Storage 11 | . 14 11 Processor 7 | . 9 6 Hackware 4 | . . 5 Energy Gun 19 | . 14 20 Ballistic Gun 1 | . 12 . Naked Turns . | . . . Heaviest Build 46 | 12 25 46 Greatest Support 40 | 26 26 40 Greatest Overweight (x) 12 | . 6 12 Average Overweight (x) 2 | . 1 2 Largest Inventory Capacity 10 | 6 10 10 Average Capacity 9 | 4 7 10 Most Carried 9 | 4 3 9 Average Carried 3 | . 1 3 Final Capacity 10 | 6 10 10 Final Carried 3 | . 3 1 Class Distribution -------------------- 57% | Mutant 42% | Hacker-Mutant Dominant Class ---------------- Mutant | -10/Materials Hacker-Mutant | -9/Materials Resources | -11 -10 -9 ----------- Run | Scr Mat Mat Matter Collected 629 | 161 226 242 Remotely . | . . . Salvage Created 1729 | . 226 1503 Parts 95 | . 14 81 Haulers Intercepted . | . . . Recyclers Shooed . | . . . Parts Field Recycled 12 | . . 12 Retrieved Matter 64 | . . 64 Parts Self-Destructed . | . . . Prevented . | . . . Kills | -11 -10 -9 ------- Run | Scr Mat Mat Combat Hostiles Destroyed 37 | . 6 31 Guns 34 | . 6 28 Cannons 1 | . . 1 AOE 1 | . . 1 Classes Destroyed 5 | . 1 4 Operator 1 | . . 1 Watcher 4 | . . 4 Swarmer 3 | . . 3 Grunt 27 | . 6 21 Sentry 7 | . . 7 Best Kill Streak 5 | . 4 5 Combat Bots Only 5 | . 4 5 Max Kills in Single Turn 2 | . 1 2 Gunslinging 1 | . . 1 Exploded 1 | . . 1 Melee . | . . . Uniques/NPCs Destroyed . | . . . Combat | -11 -10 -9 -------- Run | Scr Mat Mat Damage Taken 1869 | . 278 1591 Core 505 | . 96 409 Absorbed by Shields . | . . . Core Remaining (%) 80 | 100 61 . Volleys Fired 125 | . 28 97 Largest 2 | . 2 2 Hottest 112 | . 40 112 Shots Fired 206 | . 39 167 Gun 201 | . 39 162 Cannon . | . . . Launcher . | . . . Special 5 | . . 5 Kinetic 49 | . 39 10 Thermal 75 | . . 75 Explosive . | . . . Electromagnetic 82 | . . 82 Robot Hit Streak 22 | . 11 22 Robot Miss Streak 2 | . 1 2 Penetration Max . | . . . Secondary Targets 6 | . . 6 Max Gunslinging Chain 1 | . . 1 Shots Hit Robots 166 | . 32 134 Core Hits 69 | . 13 56 Critical Hits 1 | . . 1 Critical Kills 1 | . . 1 Critical Parts Destroyed . | . . . Melee Attacks . | . . . Impact . | . . . Slashing . | . . . Piercing . | . . . Sneak Attacks . | . . . Combat Hostiles . | . . . Follow-up Attacks . | . . . Damage Inflicted 2366 | . 379 1987 Guns 2152 | . 372 1780 Cannons . | . . . Explosions 131 | . . 131 Melee . | . . . Ramming 23 | . 7 16 Kinetic 418 | . 372 46 Thermal 988 | . . 988 Explosive . | . . . Electromagnetic 937 | . . 937 Impact . | . . . Slashing . | . . . Piercing . | . . . Highest Corruption . | . . . Average Corruption . | . . . Corruption Purged . | . . . Overload Shots . | . . . Overflow Damage 18 | . . 18 Projectiles . | . . . Explosions 18 | . . 18 Melee . | . . . Knockbacks . | . . . Impact . | . . . Kinetic . | . . . Secondary . | . . . Self-Inflicted Damage 31 | . 3 28 Shots 1 | . . 1 Rammed 7 | . 1 6 Targets Rammed 7 | . 1 6 Kicked . | . . . Crushed . | . . . Highest Temperature 645 | . 18 645 Average Temperature 161 | . 9 166 Received Heat Transfer 1035 | . 198 837 Effects 41 | . . 41 Shutdowns 17 | . . 17 Energy Bleed 6 | . . 6 Interference 5 | . . 5 Matter Decay 3 | . . 3 Short Circuit 3 | . . 3 Damage (minor) 2 | . . 2 Damage (major) 2 | . . 2 Damage (core) 3 | . . 3 Siege Activations . | . . . Robots Corrupted 1 | . . 1 Combat Hostiles 1 | . . 1 Parts Fried 6 | . . 6 Impact Corruptions . | . . . Robots Melted . | . . . Combat Hostiles . | . . . Parts Melted 4 | . . 4 Heat Transferred 2320 | . . 2320 Parts Sabotaged . | . . . Parts Stolen . | . . . Parts Stripped . | . . . Power Chain Reactions 3 | . . 3 Missiles Intercepted . | . . . Alert | -11 -10 -9 ------- Run | Scr Mat Mat Peak Influence 302 | . 157 302 Average Influence 122 | . 97 130 Maximum Alert Level 1 | . . 1 Low Security (%) 83 | 100 100 80 Level 1 16 | . . 19 Level 2 . | . . . Level 3 . | . . . Level 4 . | . . . Level 5 . | . . . High Security . | . . . Max Security . | . . . Squads Dispatched 8 | . 2 6 Investigation 8 | . 2 6 Extermination . | . . . Reinforcement . | . . . Assault . | . . . Garrison . | . . . Intercept . | . . . Construction Impeded . | . . . Haulers Reinforced . | . . . Stealth | -11 -10 -9 --------- Run | Scr Mat Mat Distress Signals 4 | . . 4 Communications Jammed . | . . . Distress Signals . | . . . Times Spotted 59 | . 7 52 Peak Tracking Total 5 | . 5 5 Tactical Retreats 2 | . . 2 Traps | -11 -10 -9 ------- Run | Scr Mat Mat Traps Triggered 2 | . 2 . Indirectly . | . . . Trap Hack Attempts . | . . . Triggered . | . . . Disarmed . | . . . Reprogrammed . | . . . Reused . | . . . Traps Extracted . | . . . Installed . | . . . Triggered . | . . . Machines | -11 -10 -9 ---------- Run | Scr Mat Mat Machines Disabled 2 | . . 2 Max in Single Turn 1 | . . 1 Machines Sabotaged . | . . . Garrisons Compromised . | . . . Overloaded Fab Kills . | . . . Fab Network Shutdowns . | . . . Hacking | -11 -10 -9 --------- Run | Scr Mat Mat Machines Accessed 11 | . 3 8 Terminals 7 | . 2 5 Fabricators . | . . . Repair Stations 1 | . . 1 Recycling Units 1 | . 1 . Scanalyzers 2 | . . 2 Garrison Access . | . . . Total Hacks 40 | . 10 30 Successful 34 | . 9 25 Failed 6 | . 1 5 Catastrophic 1 | . . 1 Database Lockouts . | . . . Manual . | . . . Terminals 26 | . 8 18 Fabricators . | . . . Repair Stations 4 | . . 4 Recycling Units 2 | . 2 . Scanalyzers 8 | . . 8 Garrison Access . | . . . Terminal Hacks 21 | . 7 14 Record 10 | . 2 8 Level Access Points 1 | . 1 . Emergency Access Points 1 | . . 1 Recycling Unit Index 1 | . 1 . Alert Level 5 | . 2 3 Dispatch Records 2 | . . 2 Transport Status 1 | . 1 . Fabricator Hacks . | . . . Repair Station Hacks 3 | . . 3 Scan Component 1 | . . 1 Repair 1 | . . 1 Refit 1 | . . 1 Recycling Unit Hacks 2 | . 2 . Process 1 | . 1 . Report Inventory 1 | . 1 . Scanalyzer 8 | . . 8 Insert Component 4 | . . 4 Analyze 4 | . . 4 Garrison Access Hacks . | . . . Unauthorized Hacks . | . . . Terminals . | . . . Fabricators . | . . . Repair Stations . | . . . Recycling Units . | . . . Scanalyzers . | . . . Garrison Access . | . . . Data Cores Recovered . | . . . Used . | . . . Hacking Detections 10 | . 2 8 Full Trace Events 10 | . 2 8 Feedback Events . | . . . Feedback Blocked . | . . . Robot Schematics Acquired . | . . . Robots Built . | . . . Matter . | . . . Time . | . . . Total Robot Build Rating . | . . . Part Schematics Acquired 2 | . . 2 Parts Built . | . . . Matter . | . . . Time . | . . . Total Part Build Rating . | . . . Parts Repaired 1 | . . 1 Time 32 | . . 32 Parts Recycled . | . . . Recycled Matter 28 | . 28 . Retrieved Matter . | . . . Retrieved Components . | . . . Parts Scanalyzed 3 | . . 3 Part Schematics Acquired 2 | . . 2 Parts Damaged . | . . . Bothacking | -11 -10 -9 ------------ Run | Scr Mat Mat Used RIF Installer . | . . . Robots Hacked . | . . . Non-combat . | . . . Combat . | . . . Robot Hacks Applied . | . . . Relay Couplers Released . | . . . Robots Rewired . | . . . Allies Hacked . | . . . Hacks Repelled . | . . . Allies | -11 -10 -9 -------- Run | Scr Mat Mat Total Allies . | . . . Largest Group . | . . . Highest-Rated Group . | . . . Highest-Rated Ally . | . . . Total Orders . | . . . Ally Attacks . | . . . Total Damage . | . . . Kills . | . . . Allies Corrupted . | . . . Allies Melted . | . . . Intel | -11 -10 -9 ------- Run | Scr Mat Mat Robot Analysis Total . | . . . Derelict Logs Recovered . | . . . Drone Launches . | . . . Drone Recoveries . | . . . Exploration | -11 -10 -9 ------------- Run | Scr Mat Mat Turns Passed 2347 | 60 311 1976 Spaces Moved 988 | 60 214 714 Core 56 | 17 9 30 Treads 253 | . . 253 Legs . | . . . Wheels 376 | 43 205 128 Hover 303 | . . 303 Flight . | . . . Fastest Speed 50 | 50 80 100 Average Speed 181 | 78 103 213 Slowest Speed 650 | 90 350 650 Overloaded Moves . | . . . Propulsion Burnouts . | . . . Robots Hopped . | . . . Cave-ins Triggered . | . . . Exploration Rate (%) 33 | 3 35 61 Regions Visited 2 Branch Regions . Pre-discovered Areas . | . . . Known Exits Taken 1 | . 1 . Unknown Exits Taken 1 | 1 . . Scrap Searched . | . . . Spaces Dug . | . . . Terrain Destroyed 6 | . . 6 Melee . | . . . Projectile . | . . . AOE 6 | . . 6 Actions | -11 -10 -9 --------- Run | Scr Mat Mat Total 1318 | 72 267 979 Wait 75 | . 9 66 Move 986 | 59 213 714 Hop . | . . . Pick Up 43 | 6 8 29 Fast Attach . | . . . Attach 25 | 6 4 15 Detach . | . . . Swap 21 | 1 2 18 Drop 23 | . 2 21 Fire 125 | . 28 97 Melee . | . . . Ram 6 | . 1 5 Kick . | . . . Crush 1 | . . 1 Escape Stasis . | . . . Rewire 13 | . . 13 Trap . | . . . Miscellaneous . | . . . Route ------- -11/Scrapyard -10/Materials (discovered 3 exits: *Mat x3) -9/Materials (discovered 3 exits: [*Mat] / [*Min x2]) History --------- Turn | Location | Event 7 | -11/Scrapyard | Discovered new exit (range 16) 61 | -11/Scrapyard | Entered Materials 163 | -10/Materials | Identified exit to Materials 306 | -10/Materials | Build established: Mutant 372 | -10/Materials | Entered another Materials area 372 | -9/Materials | Evolved 2 slots: Power x1, Utility x1 1079 | -9/Materials | Discovered new exit (range 15) 1657 | -9/Materials | Build established: Hacker-Mutant 1832 | -9/Materials | Discovered new exit (range 3) 2024 | -9/Materials | Discovered new exit (range 6) 2160 | -9/Materials | Core integrity fell below 50% 2203 | -9/Materials | Lost 4 parts (1p2n1w) 2320 | -9/Materials | Repaired Beam Rifle? 2330 | -9/Materials | Core integrity fell below 20% 2348 | -9/Materials | Destroyed by G-47 Trooper with Particle Gun Last Messages --------------- squad. K-01 Serf collects debris. Acquired 6 matter. Slammed into K-01 Serf. Acquired Broken Aluminum Leg. Acquired Aluminum Leg. Dropped Aluminum Leg. Dropped Broken Aluminum Leg. Slammed into M-13 Machinist. >> REPAIR: Completed Beam Rifle? Dropped Broken Lgt. Assault Rifle. Dropped Broken Beam Rifle. Acquired 5 matter. Plasma Cutter destroyed. U-05 Engineer builds a Door. Ion Engine destroyed. Backup Propulsion I destroyed. Integration Mediator destroyed. Rnf. Ion Engine destroyed. K-01 Serf destroyed. Map ----- +----------------------------------------------------+ | ?????????????????# """ #??????? | | ????????########## """ #??????? | | ????????# # #??????? | | ????????# """ # #??????? | | ????????# """ # """ #??????? | | ????????# """ # """ %#??????? | | ????????# + """ ?????? | | ????????# """ # % ###????? | | ????????# """ # #??????? | | ????????# """ # #####+###??????? | | ????????#* + /??????????????? | | ????????##/#######/## ?????????????? | | ?????????# #????? ? ????????????? | | ?????????#%#????? ?? ???????????? | | ??########%#????? ??? "??????????? | | ??# # #????? ???R"??????????? | | ??#""" #%#????? ????" ?????????? | | ??#"R #!#????? ???????????????? | | ??#""" #%#????? ???????????????? | | ??# !%/=#?????###?????????????### | | ??# %#=#?????????????????????# | | ??########%#?????????????????????# | | ?????????#!#?????????????????????# " | | ?????????#=#?????????????????????#"" | | ?????????#u###???????????????????#"" | | ?????????#[@ #???????????????????#"" | | ??????"" +%= ??????????????# " | | ????"""" #*= #######?????????????# | | ????""" # #???????????????????# | | ???? ?# g #???????????????????### | | ??? ??#g g#?????????????????????? | | ??####???# #?????????????????????? | | ?????????# #?????????????????????? | | ?????????# g#?????????????????????? | | ?????????# #?????????????????????? | | ?????????# #?????????????????????? | | ?????????# a#?????????????????????? | | ?????????+ ^#?????????????????????? | | ?????????? #?????????????????????? | | ?????????? #?????????????????????? | | ?????????? ??????????????????????? | | ???????????????????????????????????? | | ???????????????????????????????????? | | ???????????????????????????????????? | | ???????????????????????????????????? | | ???????????????????????????????????? | | ???????????????????????????????????? | | ???????????????????????????????????? | | ???????????????????????????????????? | | ???????????????????????????????????? | +----------------------------------------------------+ Best States ------------- Heat Dissipation 28 Energy Generation 21 Energy Capacity 445 Matter Stores 300 Matter Capacity 300 Sight Range 16 Terrain Scan Density 60 Resistance: KI 20 Resistance: TH 20 Resistance: EX 20 Resistance: EM 20 Resistance: I 20 Resistance: S 20 Resistance: P 20 Evasion (%) 44 Recoil Reduction 2 Offensive Hacking 20 Item Schematics ----------------- Imp. Ion Engine | -9/Materials | Scanalyzed Beam Rifle | -9/Materials | Scanalyzed Robot Schematics ------------------ None Fabricated ------------ Nothing Alien Tech Used ----------------- None Achievements -------------- Power Corrupts Challenges ------------ None Game ------ Seed ImpactCooledWarhead Manual? 0 Play Time 00:30:23 Cumulative 7.1 hours Start 2019.12.24 @ 21:15:49 End 2019.12.24 @ 21:44:50 Sessions 1 Manual Loads 0 Difficulty Adventurer Special Mode None Game No. 10 Rogue 0 Adventurer 10 Explorer 0 Win Type - Total 0 Types 0/0/0/0/0/0/0 Lore% 16 Gallery% 8 Achievement% 10 Wizard Run 0 Options --------- ASCII 0 Keyboard 1 Movement Numpad Keybinds 0 Fullscreen 1 Font 12/Fuzzy Map View 83x54 Tactical HUD 0 Map Filters NONE Filters NONE Steam 1 RUN: 923b5143-45c7-49bf-a172-77b306735b6f